 Dungeon Crawl Stone Soup version 0.30.1 (webtiles) character file.

Game seed: 10199031764827098719

84 booth the Digger (level 4, 0/33 HPs)
             Began as a Draconian Earth Elementalist on July 8, 2023.
             Slain by a hobgoblin (4 damage)
             ... on level 4 of the Dungeon.
             The game lasted 00:09:40 (1565 turns).

booth the Digger (Draconian Earth Elementalist)     Turns: 1565, Time: 00:09:41

Health: 0/33       AC:  6    Str: 10    XL:     4   Next: 23%
Magic:  6/7        EV: 12    Int: 23    God:
Gold:   108        SH:  0    Dex: 12    Spells: 2/8 levels left

rFire   + . .        b - +0 dagger (venom)
rCold   . . .        (no shield)
rNeg    . . .        (body armour unavailable)
rPois   .            (helmet restricted)
rElec   .            (no cloak)
rCorr   .            i - +0 pair of gloves
SInv    .            (no boots)
Will    .....        (no amulet)
Stlth   ++           d - ring of protection from fire
HPRegen 0.25/turn    l - +6 ring of intelligence
MPRegen 0.10/turn

%: no passive effects
@: no status effects
A: AC +5, unfitting armour, cold-blooded
a: no special abilities


You were on level 4 of the Dungeon.
You visited 1 branch of the dungeon, and saw 3 of its levels.

You collected 108 gold pieces.

Inventory:

Hand Weapons
 b - a +0 dagger of venom (weapon)
 j - a +1 hand axe of distortion
Armour
 i - a +0 pair of gloves (worn)
Jewellery
 d - a ring of protection from fire (left hand)
 l - a +6 ring of intelligence (right hand)
Wands
 k - a wand of light (11)
Potions
 a - a potion of magic
 c - a potion of might {unknown}
 e - a potion of lignification {unknown}
 f - a potion of curing
 g - a potion of resistance {unknown}
 h - a potion of mutation {unknown}
 m - a potion of brilliance {unknown}


   Skills:
 + Level 2.3 Dodging
 + Level 2.5 Stealth
 + Level 2.5 Spellcasting
 + Level 1.9 Transmutations
 + Level 3.5 Earth Magic


You had 2 spell levels left.
You knew the following spells:

 Your Spells              Type           Power      Damage    Failure   Level
a - Sandblast             Erth           38%        2d10      2%          1
b - Passwall              Tmut/Erth      12%        N/A       6%          2
c - Stone Arrow           Conj/Erth      22%        3d8       19%         3

Your spell library contained the following spells:

 Spells                   Type           Power      Damage    Failure   Level
 Petrify                  Tmut/Erth      15%        N/A       36%         4


Dungeon Overview and Level Annotations

Branches:
Dungeon (2/15)

Altars:

Shops:
D:1 !

Annotations:
D:4 Menkaure


Innate Abilities, Weirdness & Mutations

Your plain brown scales are hard. (AC +5)
You cannot fit into any form of body armour.
You are cold-blooded and may be slowed by cold attacks.


Message History

Aiming: Sandblast (safe; 2% risk of failure)
Press: ? - help, Shift-Dir - straight line, f - iguana
Aim: an iguana (84% to hit)
The blast of sand hits the iguana but does no damage.
The kobold throws a stone.
The stone closely misses you. The iguana bites you.
The iguana completely misses you. The iguana attacks as you move away!
The iguana barely misses you.
A hobgoblin comes into view.
The black bear attacks as you move away!
The black bear barely misses you. The black bear claws you. x2
The iguana attacks as you move away! The iguana closely misses you.
A gnoll comes into view. It is wielding a +0 club.
The black bear bites you. The black bear claws you.
The black bear barely misses you.
Menkaure shouts!
The hobgoblin shouts!
The gnoll shouts!
You hit the black bear.
The black bear is lightly wounded.
You hear a shout!
You hear an angry hiss.
The black bear bites you but does no damage.
The black bear closely misses you. The black bear barely misses you.
An adder comes into view.
The iguana misses you.
A gnoll comes into view. It is wielding a +0 spear.
You hit the black bear.
The black bear is poisoned.
The black bear is lightly wounded.
The black bear completely misses you. The black bear barely misses you.
The black bear claws you but does no damage.
The iguana bites you!
You hit the iguana but do no damage. You tail-slap the iguana.
The iguana is moderately wounded.
A gnoll comes into view. It is wielding a +0 flail.
The black bear bites you!
* * * LOW HITPOINT WARNING * * *
The black bear misses you.
The black bear claws you but does no damage.
The iguana barely misses you. The goblin hits you but does no damage.
You hit the iguana.
The iguana is poisoned.
The iguana is moderately wounded.
The hobgoblin hits you.
You die...

#......).#........
#.....#...........
##...####......... .
#......#...##..... g.
#..........## .......
#........##).# .##....
#.........M..##..gg..#
#....!....#..Kh#.......
#M....... ###gl@.# ...
##gg## #$ .....# .
.......# ...##..... ..
....... . .##...... ..
##......


You could see a black bear (very poisoned), Menkaure, an iguana (poisoned), 3
gnolls, 2 hobgoblins, a goblin and a kobold.

Vanquished Creatures
  An adder (D:2)
  2 gnolls (D:1)
  A dart slug (D:1)
  2 bats (D:2)
  6 endoplasms
  3 giant cockroaches (D:1)
  7 goblins
  5 hobgoblins
  5 kobolds
  5 quokkas
  2 ball pythons
  4 frilled lizards (D:2)
  2 rats (D:1)
  A spectral hobgoblin (D:1)
46 creatures vanquished.

Notes
Turn   | Place    | Note
-------+----------+-------------------------------------------
     0 | D:1      | booth the Draconian Earth Elementalist began the quest for
                  | the Orb.
     0 | D:1      | Reached XP level 1. HP: 14/14 MP: 3/3
    31 | D:1      | Found a faded altar of an unknown god.
   137 | D:1      | Reached XP level 2. HP: 16/20 MP: 0/5
   141 | D:1      | Learned a level 2 spell: Passwall
   328 | D:1      | Found Zezuod's Distillery.
   381 | D:1      | Reached XP level 3. HP: 26/26 MP: 3/6
  1005 | D:2      | Learned a level 3 spell: Stone Arrow
  1124 | D:2      | Reached XP level 4. HP: 29/33 MP: 5/7
  1537 | D:2      | You fall into a shaft and drop 2 floors!
  1543 | D:4      | Noticed Menkaure
  1551 | D:4      | Noticed a black bear
  1565 | D:4      | Slain by a hobgoblin

Illustrated notes

Levels and vault maps discovered:
D:1:      psy_arrival_fountain, layout_rooms,
          dreamdust_ecumenical_altar_drowned_temple, serial_shops, shop
D:2:      layout_loops_ring
D:4:      layout_cave_pools, nicolae_elyvilon_temple_path, serial_shops, shop,
          amethyst_killhole, st_stairs_5, uniq_menkaure

Skill      XL: |  1  2 |
---------------+-------+-----
Stealth        | 2 |  2.5
Dodging        | 2 |  2.3
Spellcasting   | |  2.5
Transmutations | |  1.9
Earth Magic    | |  3.5

Action                     |  1- 3 |  4- 6 || total
---------------------------+-------+-------++-------
  Melee: Unarmed           |     3 |       ||     3
         Dagger            |    32 |    13 ||    45
         Tailslap          |     6 |     2 ||     8
         Punch             |     1 |       ||     1
   Cast: Sandblast         |    33 |    14 ||    47
    Use: Scroll            |     1 |     1 ||     2
         Potion            |     1 |       ||     1
   Stab: Sleeping          |     3 |       ||     3
 Armour: Skin              |    14 |    15 ||    29
  Dodge: Dodged            |    13 |    26 ||    39
